Map: Одиссея РВ

Players

ИИ 1 (новичок) - Winner!

  • Race: Protoss Protoss
  • Spawn Location: 5:00

Doll

  • Race: Zerg Zerg
  • Spawn Location: 11:00

VOD

Have the link to the VOD?

Description

Time

  • Played on: Sept. 12, 2022, 6:39 a.m.
  • Length: 11:38
Show
View Real Time Build Order
Export as new Build Order

ИИ 1 (новичок) Protoss - Winner!

Build Orders: Nexus First 

Get SALT Encoding   

  12  0:00  Probe  
  13  0:13  Probe  
  14  0:20  Pylon  
  14  0:51  Nexus  
  14  0:57  Assimilator  
  14  1:08  Gateway  
  14  1:14  Assimilator  
  14  1:22  Probe  
  14  1:24  Pylon  
  14  1:31  Probe  
  15  1:39  Probe  
  17  1:50  Probe  
  18  1:57  Cybernetics Core  
  18  1:59  Probe  
  18  2:07  Probe  
  20  2:33  Pylon  
  20  2:35  Stargate  
  20  2:52  Probe  
  20  2:58  Probe  
  22  3:17  Void Ray, Robotics Facility  
  26  3:54  Warp Prism  
  28  7:17  Void Ray  
  28  7:20  Probe  
  28  7:22  Observer  
  34  7:23  Assimilator  
  34  7:25  Assimilator  
  34  7:28  Probe  
  35  7:33  Probe  
  36  7:42  Probe  
  36  7:43  Observer  
  38  7:45  Probe  
  35  7:56  Probe  
  36  8:01  Probe  
  37  8:08  Probe  
  38  8:14  Probe  
  39  8:21  Probe  
  40  8:28  Probe  
  41  8:35  Probe  
  46  8:42  Probe  
  46  8:43  Void Ray  
  47  8:50  Pylon  
  47  8:54  Probe  
  48  9:01  Probe  
  49  9:08  Probe  
  50  9:15  Probe  
  51  9:20  Probe  
Show
View Real Time Build Order
Export as new Build Order

Doll Zerg 

Build Orders: Hatch First 

Get SALT Encoding   

  12  0:01  Drone  
  13  0:13  Overlord  
  13  0:16  Drone  
  14  0:31  Drone x2  
  16  0:35  Drone  
  17  0:55  Hatchery  
  16  0:59  Extractor  
  15  1:11  Spawning Pool  
  15  1:13  Drone  
  15  1:17  Drone  
  16  1:24  Drone  
  17  1:29  Drone  
  18  1:53  Hatchery  
  17  2:00  Overlord  
  17  2:02  Drone  
  17  2:06  Drone  
  19  2:22  Zergling x4  
  21  2:24  Spine Crawler, Zergling x2  
  21  2:28  Zergling x2  
  22  2:34  Zergling x4  
  24  2:49  Spine Crawler  
  23  2:52  Queen  
  25  2:58  Zergling x2  
  25  3:01  Zergling x2  
  28  3:05  Drone  
  28  3:08  Drone  
  28  3:11  Drone  
  30  3:15  Drone  
  30  3:18  Drone  
  32  3:21  Drone  
  33  3:27  Drone  
  33  3:31  Drone x2  
  36  3:37  Drone x2  
  36  3:40  Drone  
  39  3:44  Drone  
  39  3:47  Drone  
  41  3:54  Lair  
  41  4:00  Drone  
  41  4:01  Extractor  
  41  4:02  Overlord  
  41  4:11  Roach Warren  
  40  4:18  Baneling Nest  
  40  4:19  Overlord  
  39  4:26  Drone  
  39  4:27  Drone x4  
  44  4:31  Drone  
  44  4:32  Drone  
  47  4:38  Drone x2  
  47  4:39  Drone  
  47  4:43  Drone x2  
  51  4:48  Drone  
  52  4:59  Drone x3  
  55  5:00  Spire  
  54  5:12  Extractor, Hydralisk Den  
  54  5:13  Extractor  
  51  5:20  Drone x2  
  53  5:21  Drone  
  53  5:22  Drone  
  53  5:24  Overlord, Hatchery  
  54  5:28  Glial Reconstitution  
  54  5:32  Metabolic Boost  
  54  5:43  Drone  
  54  5:44  Drone x4  
  54  5:45  Drone x2  
  54  5:49  Overlord  
  61  5:51  Overlord  
  61  6:13  Mutalisk  
  61  6:14  Mutalisk x3  
  61  6:16  Mutalisk  
  71  6:18  Hatchery  
  71  6:19  Mutalisk  
  72  6:27  Overseer  
  72  6:29  Overseer  
  72  6:33  Pneumatized Carapace  
  72  6:39  Roach  
  76  6:40  Roach x2  
  76  6:43  Roach  
  76  6:45  Roach  
  82  6:47  Overlord  
  82  6:50  Overlord  
  82  6:51  Overlord  
  82  6:53  Drone x3  
  85  7:01  Drone x3  
  86  7:04  Overlord  
  88  7:08  Drone x2  
  88  7:09  Drone  
  91  7:16  Mutalisk x2  
  91  7:19  Infestation Pit  
  94  7:26  Mutalisk  
  94  7:29  Roach x3  
  102  7:31  Zergling x4  
  102  7:34  Zergling x4  
  102  7:36  Zergling x4  
  108  7:38  Zergling x2  
  109  7:44  Zergling x4  
  109  7:50  Mutalisk  
  109  7:51  Mutalisk  
  113  7:53  Drone x3  
  118  8:01  Extractor  
  118  8:03  Drone x2  
  118  8:04  Drone x3, Extractor  
  121  8:06  Drone x3  
  124  8:18  Hatchery  
  123  8:27  Mutalisk  
  123  8:28  Overlord x3  
  123  8:29  Overlord x4  
  125  8:34  Hive  
  125  8:42  Evolution Chamber  
  125  8:45  Evolution Chamber  
  123  8:49  Mutalisk x3  
  123  8:50  Mutalisk  
  131  8:56  Hatchery  
  131  9:02  Zergling x8  
  134  9:03  Zergling x12  
  134  9:04  Zergling x2  
  134  9:05  Zergling x4  
  134  9:07  Mutalisk  
  134  9:09  Mutalisk  
  147  9:15  Zergling x4  
  147  9:16  Zergling x2  
  150  9:18  Drone x2  
  152  9:25  Drone x3  
  155  9:34  Drone x2  
  155  9:35  Drone  
  155  9:38  Overlord, Drone  
  158  9:39  Drone  
  158  9:40  Overlord  
  158  9:41  Drone  
  161  9:47  Overseer  
  161  9:48  Overseer  
  161  9:53  Drone x2, Zergling x4  
  161  9:54  Drone x3  
  161  9:55  Drone  
  161  9:56  Drone x2  
  171  10:00  Mutalisk x3  
  171  10:04  Greater Spire  
  177  10:12  Mutalisk x2  
  177  10:13  Mutalisk x2  
  183  10:16  Drone x4  
  183  10:17  Drone x2  
  191  10:26  Mutalisk x2, Extractor  
  191  10:27  Extractor  
  191  10:28  Overlord  
  193  10:32  Mutalisk  
  195  10:38  Mutalisk  
  197  10:44  Mutalisk  
  199  11:00  Overseer  
  199  11:02  Overseer  
Tags
 
Add a new tag
Caveats
  • Supply blocks, unpowered buildings, or Contaminate may cause inaccurate times.
  • Supply counts are checked every 10 seconds.